 Dungeon Crawl Stone Soup version 0.30.0-18-gc0e69614cb (webtiles) character file.

Game seed: 3277021284108651344

3850 browni3141 the Fighter (level 10, -2/111 HPs)
             Began as an Ogre Warper on May 24, 2023.
             Was a Believer of Okawaru.
             Slain by a vampire mosquito (7 damage)
             ... on level 8 of the Dungeon.
             The game lasted 00:14:36 (7933 turns).

browni3141 the Fighter (Ogre Warper)                Turns: 7933, Time: 00:14:36

Health: -2/111     AC:  7    Str: 21    XL:     10   Next: 18%
Magic:  13/14      EV: 11    Int: 14    God:    Okawaru [**....]
Gold:   164        SH:  0    Dex:  8    Spells: 5/15 levels left

rFire   + . .        a - +4 flail (holy)
rCold   . . .        (no shield)
rNeg    . . .        E - +0 robe
rPois   .            (helmet restricted)
rElec   .            (no cloak)
rCorr   .            (gloves unavailable)
SInv    .            (boots unavailable)
Will    +....        R - amulet of regeneration
Stlth   ++           z - ring of protection from fire
HPRegen 1.18/turn    u - +4 ring of protection
MPRegen 0.14/turn

%: no passive effects
@: heroic
A: large, unfitting armour, tough skin 1
a: Renounce Religion, Heroism


You were on level 8 of the Dungeon.
You worshipped Okawaru.
Okawaru was pleased with you.
You visited 2 branches of the dungeon, and saw 10 of its levels.

You collected 254 gold pieces.
You spent 90 gold pieces at shops.

Inventory:

Hand Weapons
 a - a +4 flail of holy wrath (weapon)
 b - a +1 dagger of venom
 m - a +0 mace
 P - a +0 club
Missiles
 l - 2 boomerangs
 t - 2 javelins
 J - 14 poisoned darts (quivered)
 N - 3 atropa-tipped darts
 T - 7 boomerangs of dispersal
Armour
 E - a +0 robe (worn)
Jewellery
 o - a ring of willpower
 u - a +4 ring of protection (right hand)
 v - an amulet of reflection
 w - a ring of poison resistance
 z - a ring of protection from fire (left hand)
 R - an amulet of regeneration (around neck)
 X - a ring of ice
Wands
 V - a wand of flame (4)
Scrolls
 n - 3 scrolls of vulnerability {unknown}
 r - 4 scrolls of identify
 s - a scroll of fear {unknown}
 A - a scroll of enchant weapon {unknown}
 F - a scroll of immolation {unknown}
 G - 2 scrolls of summoning {unknown}
 K - a scroll of acquirement {unknown}
 M - a scroll of noise {unknown}
 Q - 2 scrolls of teleportation {unknown}
 S - 3 scrolls of magic mapping {unknown}
 U - a scroll of silence {unknown}
 W - a scroll of blinking
 Y - a scroll of poison {unknown}
Potions
 c - 2 potions of cancellation
 p - 2 potions of attraction {unknown}
 q - a potion of berserk rage {unknown}
 x - a potion of might {unknown}
 y - 2 potions of haste {unknown}
 B - a potion of degeneration {unknown}
 C - 7 potions of curing
 D - a potion of invisibility {unknown}
 H - 2 potions of heal wounds
 I - a potion of flight {unknown}
 L - 6 potions of lignification
 O - a potion of brilliance {unknown}
 Z - 3 potions of mutation {unknown}


   Skills:
 + Level 10.6(15.6) Fighting
 * Level 9.8(14.8) Maces & Flails
 - Level 1.4(6.4) Throwing
 + Level 3.5(8.5) Dodging
 - Level 3.0 Spellcasting
 - Level 5.0 Translocations


You had 5 spell levels left.
You knew the following spells:

 Your Spells              Type           Power      Damage    Failure   Level
a - Vhi's Electric Charg  Tloc/Air       18%        N/A       22%         3
l - Lesser Beckoning      Tloc           32%        N/A       4%          2
t - Teleport Other        Tloc           16%        N/A       9%          3
B - Blink                 Tloc           32%        N/A       4%          2

Your spell library contained the following spells:

 Spells                   Type           Power      Damage    Failure   Level
 Slow                     Hex            8%         N/A       22%         1
 Manifold Assault         Tloc           16%        N/A       26%         4
 Ensorcelled Hibernation  Hex/Ice        4%         N/A       32%         2
 Passwall                 Tmut/Erth      1%         N/A       32%         2
 Sublimation of Blood     Necr           2%         N/A       32%         2
 Wereblood                Tmut           2%         N/A       32%         2
 Confusing Touch          Hex            2%         N/A       54%         3
 Swiftness                Air            2%         N/A       54%         3
 Vampiric Draining        Necr           2%         2d6       54%         3
 Iskenderun's Battlesphe  Conj           2%         2d6       99%         5
 Iron Shot                Conj/Erth      1%         9d1       100%        6
 Spellforged Servitor     Conj/Summ      Unusable   N/A       N/A         7
 Summon Hydra             Summ           Unusable   N/A       N/A         7

Dungeon Overview and Level Annotations

Branches:
Dungeon (9/15)             Temple (1/1) D:6
   Lair: D:8-11         Orc: D:9-12

Altars:
Ashenzari
Dithmenos
Elyvilon
Fedhas
Gozag
Hepliaklqana
Kikubaaqudgha
Makhleb
Nemelex Xobeh
Okawaru
Qazlal
Ru
Trog
Uskayaw
Vehumet
Wu Jian
Xom
Yredelemnul
Zin
The Shining One

Annotations:
D:3 3 runed translucent doors, smokinjp's ghost, amateur HOFi
D:4 1 runed translucent door, Crazy Yiuf
D:9 Pikel


Innate Abilities, Weirdness & Mutations

You are too large for most types of armour.
You have tough skin. (AC +1)


Message History

The steam dragon is lightly wounded.
The vampire mosquito barely misses you. The vampire mosquito bites you!
The vampire mosquito draws strength from your injuries!
The steam dragon bites you.
The steam dragon claws you but does no damage.
You closely miss the steam dragon.
The steam dragon is moderately wounded.
The vampire mosquito bites you but does no damage.
The kobold throws a poisoned dart.
The poisoned dart barely misses you.
The poisoned dart misses the steam dragon.
The vampire mosquito bites you.
The vampire mosquito draws strength from your injuries!
The steam dragon barely misses you.
The steam dragon claws you but does no damage.
You hit the steam dragon but do no damage.
The steam dragon looks as sick as possible!
The steam dragon is moderately wounded.
The vampire mosquito bites you.
The vampire mosquito draws strength from your injuries!
The vampire mosquito closely misses you.
The steam dragon bites you.
The steam dragon claws you but does no damage.
Your +1 dagger of venom stops dripping with poison.
Your +4 flail of holy wrath softly glows with a divine radiance!
a - a +4 flail of holy wrath (weapon)
The vampire mosquito closely misses you.
You sock the vampire mosquito!
The vampire mosquito convulses.
The vampire mosquito is heavily damaged.
The vampire mosquito bites you!
The vampire mosquito draws strength from your injuries!
The steam dragon bites you. The steam dragon barely misses you.
The yak gores you!
* * * LOW HITPOINT WARNING * * *
The vampire mosquito bites you but does no damage.
The kobold throws a poisoned dart.
The poisoned dart hits you!
You are poisoned.
You gain the combat prowess of a mighty hero.
You feel very sick. The vampire mosquito bites you.
* * * LOW HITPOINT WARNING * * *
The vampire mosquito draws strength from your injuries!
The steam dragon bites you but does no damage.
The steam dragon claws you.
* * * LOW HITPOINT WARNING * * *
The yak barely misses you.
The kobold throws a poisoned dart.
The poisoned dart closely misses you.
The poisoned dart closely misses the steam dragon.
The yak bellows!
You hit the vampire mosquito.
The vampire mosquito convulses.
Your punch misses the vampire mosquito.
The vampire mosquito is heavily damaged.
You feel sick.
You hear an angry buzzing noise.
The vampire mosquito closely misses you.
The vampire mosquito bites you.
* * * LOW HITPOINT WARNING * * *
The vampire mosquito draws strength from your injuries!
The steam dragon completely misses you. The steam dragon closely misses you.
You closely miss the vampire mosquito.
The vampire mosquito is moderately damaged.
You feel sick.
The vampire mosquito bites you but does no damage.
The yak gores you!
* * * LOW HITPOINT WARNING * * *
You hit the vampire mosquito.
The vampire mosquito convulses.
The vampire mosquito is heavily damaged.
You feel sick. The vampire mosquito barely misses you.
The steam dragon barely misses you. The steam dragon closely misses you.
The yak gores you but does no damage. The kobold hits you with a +0 whip.
* * * LOW HITPOINT WARNING * * *
You closely miss the vampire mosquito.
The vampire mosquito is heavily damaged.
You feel sick.
The vampire mosquito bites you but does no damage.
The vampire mosquito closely misses you.
The steam dragon bites you!
* * * LOW HITPOINT WARNING * * *
The steam dragon barely misses you.
You miss the vampire mosquito.
The vampire mosquito is heavily damaged.
The yak gores you!
* * * LOW HITPOINT WARNING * * *
The vampire mosquito completely misses you.
The kobold barely misses you.
Blink to where?
Press: ? - help, Dir - move target A killer bee comes into view.
As you read the scroll of blinking, it crumbles to dust.
You feel sick.
The killer bee moves out of view.
You feel sick.
You feel sick.
You feel sick.
You are no longer poisoned.
You hit the vampire mosquito.
The vampire mosquito convulses.
The vampire mosquito is severely damaged.
The vampire mosquito misses you.
You closely miss the vampire mosquito.
The vampire mosquito is severely damaged.
The vampire mosquito bites you!
You die...

..#...Yy...............##.......#
#..................##..........##
#.K........[.......###...###...#
#yYy..............## ##..# ##..##
K.KK..............####..### #...#
YK###.................<.#.###...#
K## #...#..................#÷....
).# #.#.#...######....##....#.#..
.####.####...#.#@...#####..######
.#.##.####.....y...## ##..##
.K.................# ###....#
............D......###))##..#
...Y................#...).###
..........Y....[..#........#
....Y.§...K...†#.##.#.#....#
...............#.##.###.......
....................#.........


You could see a yak, a steam dragon (very poisoned), a vampire mosquito and a
kobold.

Vanquished Creatures
  Sigmund (D:2)
  A wyvern (D:8)
  3 yaks
  2 vampire mosquitoes (Temple)
  2 steam dragons (D:7)
  Edmund (D:4)
  3 water moccasins
  An ice beast (D:4)
  2 ogres
  3 black bears
  A centaur (D:6)
  A kobold brigand (D:8)
  2 bullfrogs
  5 scorpions
  6 howler monkeys
  A crimson imp (D:6)
  4 orc priests
  5 hounds
  A jelly (D:4)
  A sleepcap (D:5)
  An iguana (D:7)
  6 orc wizards
  Natasha (thrice) (D:4)
  11 adders
  A shadow imp (D:7)
  7 white imps
  A worm (D:2)
  3 dart slugs
  19 orcs
  6 ball pythons
  12 endoplasms
  2 giant cockroaches
  13 hobgoblins
  2 jackals (D:2)
  2 quokkas
  4 bats
  2 frilled lizards (D:1)
  8 goblins
  6 kobolds
  6 rats
161 creatures vanquished.

Vanquished Creatures (others)
  An orc wizard (D:7)
1 creature vanquished.

Grand Total: 162 creatures vanquished

Notes
Turn   | Place    | Note
-------+----------+-------------------------------------------
     0 | D:1      | browni3141 the Ogre Warper began the quest for the Orb.
     0 | D:1      | Reached XP level 1. HP: 22/22 MP: 3/3
   144 | D:1      | Reached XP level 2. HP: 22/29 MP: 5/5
   240 | D:1      | Learned a level 2 spell: Blink
   243 | D:1      | Learned a level 2 spell: Lesser Beckoning
   334 | D:1      | Reached skill level 3 in Fighting
   540 | D:1      | Reached XP level 3. HP: 20/37 MP: 7/7
   902 | D:2      | Noticed Sigmund
  1139 | D:2      | Reached XP level 4. HP: 45/45 MP: 8/8
  1210 | D:2      | Reached skill level 3 in Maces & Flails
  1229 | D:2      | Found a sacrificial altar of Ru.
  1533 | D:2      | Killed Sigmund
  1534 | D:2      | Reached XP level 5. HP: 26/53 MP: 9/9
  1609 | D:2      | Reached XP level 6. HP: 61/61 MP: 10/10
  2279 | D:3      | Found a runed translucent gate.
  2280 | D:3      | Found a runed translucent gate.
  2280 | D:3      | Found a runed translucent gate.
  2281 | D:3      | Noticed smokinjp's ghost (amateur HOFi)
  2866 | D:4      | Noticed Edmund
  2984 | D:4      | Noticed Natasha
  3000 | D:4      | Killed Natasha
  3115 | D:4      | Killed Edmund
  3116 | D:4      | Reached skill level 6 in Maces & Flails
  3116 | D:4      | Reached XP level 7. HP: 25/67 MP: 11/11
  3213 | D:4      | Noticed Natasha
  3222 | D:4      | Killed Natasha
  3565 | D:4      | Noticed Natasha
  3577 | D:4      | Killed Natasha
  3736 | D:4      | Found a shimmering altar of Xom.
  3737 | D:4      | Found a bloodstained altar of Trog.
  3801 | D:4      | Found a runed translucent door.
  3802 | D:4      | Noticed Crazy Yiuf
  4120 | D:5      | Entered Level 5 of the Dungeon
  4144 | D:4      | Reached skill level 4 in Fighting
  4509 | D:5      | Reached skill level 5 in Fighting
  4509 | D:5      | Reached XP level 8. HP: 32/80 MP: 12/12
  4986 | D:5      | Reached skill level 6 in Fighting
  5247 | D:6      | Found a staircase to the Ecumenical Temple.
  5291 | Temple   | Entered the Ecumenical Temple
  5295 | Temple   | Reached skill level 7 in Fighting
  5472 | Temple   | Became a worshipper of Warmaster Okawaru
  5494 | Temple   | Reached skill level 8 in Fighting
  5587 | D:6      | Reached skill level 9 in Fighting
  5623 | D:6      | Found Zin's Purification Station.
  5624 | D:6      | Found a glowing silver altar of Zin.
  5629 | D:6      | Bought a potion of curing for 90 gold pieces
  5661 | D:6      | Reached skill level 3 in Translocations
  5661 | D:6      | Reached XP level 9. HP: 88/98 MP: 13/13
  5765 | D:6      | Found a shadowy altar of Dithmenos.
  5985 | D:7      | Reached * piety under Okawaru
  6571 | D:8      | Noticed a troll
  7202 | D:7      | Reached ** piety under Okawaru
  7203 | D:7      | Reached skill level 9 in Maces & Flails
  7279 | D:7      | Learned a level 3 spell: Teleport Other
  7283 | D:7      | Learned a level 3 spell: Vhi's Electric Charge
  7347 | D:8      | Reached skill level 10 in Fighting
  7347 | D:8      | Reached skill level 3 in Spellcasting
  7445 | D:7      | Reached skill level 3 in Dodging
  7445 | D:7      | Reached XP level 10. HP: 48/111 MP: 14/14
  7908 | D:9      | Noticed Pikel
  7927 | D:8      | HP: 3/111 [yak (13)]
  7933 | D:8      | Slain by a vampire mosquito

Illustrated notes

Levels and vault maps discovered:
D:1:      dpeg_arrival_more_subterranean_lakeside_camping, layout_basic
D:2:      layout_loops_ring, basic_altar, minmay_misc_feat_enclosed,
          kennysheep_generic_room_16, uniq_sigmund
D:3:      layout_basic, ebering_ghost_rock_garden
D:4:      layout_basic, gammafunk_temple_overflow_pools,
          uniq_crazy_yiuf_cottage, uniq_edmund, uniq_natasha
D:5:      layout_basic
D:6:      layout_rooms, zin_purify, mainiacjoe_overflow_chevrons,
          minmay_temple_entry_hall, minmay_fire_ice_demons
D:7:      layout_rooms, serial_corexii_hall, corexii_hall_statues_l,
          corexii_hall_statues_l, corexii_hall_statues_x,
          corexii_hall_statues_i, kennysheep_generic_room_7
D:8:      layout_cave_pools
D:9:      minmay_clustersquares, layout_cave_pools, slow_altar_2, david_orc_5,
          serial_column_ruins, column_ruins_temple_hall,
          column_ruins_columns_corner, column_ruins_open_medium,
          column_ruins_grid_1, column_ruins_open_large, column_ruins_open_large,
          column_ruins_open_tiny, column_ruins_open_small_water, uniq_harold,
          uniq_pikel, uniq_erica
Temple:   eino_temple_rhombus

Skill      XL: |  1  2  3  4  5  6  7  8  9 |
---------------+----------------------------+-----
Maces & Flails | 2 4 6 7 8 9 |  9.8
Fighting       | 3 5 9 10 | 10.6
Translocations | 3 5 |  5.0
Spellcasting   | 3 |  3.0
Dodging        | 3 |  3.5
Throwing       | |  1.4

Action                     |  1- 3 |  4- 6 |  7- 9 | 10-12 || total
---------------------------+-------+-------+-------+-------++-------
  Melee: Mace              |    94 |   144 |    12 |       ||   250
         Club              |    21 |       |       |       ||    21
         Dagger            |       |    32 |   236 |   100 ||   368
         Flail             |       |       |   120 |     8 ||   128
         Punch             |       |       |     7 |       ||     7
  Throw: Dart              |       |     2 |     8 |       ||    10
   Cast: Blink             |     3 |       |       |       ||     3
         Lesser Beckoning  |       |       |     1 |       ||     1
 Invoke: Heroism           |       |       |       |     1 ||     1
  Evoke: Wand              |       |       |     2 |       ||     2
    Use: Scroll            |       |       |     3 |     1 ||     4
         Potion            |       |       |     1 |       ||     1
   Stab: Sleeping          |     1 |       |       |       ||     1
 Armour: Robe              |    39 |    44 |   118 |    56 ||   257
  Dodge: Dodged            |    79 |    91 |   261 |    76 ||   507
